 Dungeon Crawl Stone Soup version 0.31-a0-1540-g5a0b83f448 (webtiles) character file.

Game seed: 7193342932170698656

1922 Ofeo the Fighter (level 9, -3/75 (97) HPs)
             Began as an Oni Gladiator on Jan 1, 2024.
             Was a Follower of Wu Jian.
             Slain by Duvessa
             ... wielding a +1 short sword of draining
              (6 damage)
             ... on level 7 of the Dungeon.
             The game lasted 00:08:11 (7620 turns).

Ofeo the Fighter (Oni Gladiator)                    Turns: 7620, Time: 00:08:11

HP:   -3/75 (97)    AC: 11    Str: 20    XL:     9   Next: 17%
MP:   9/9           EV: 13    Int:  9    God:    Wu Jian [*.....]
Gold: 297           SH:  0    Dex: 20    Spells: 8/8 levels left

rFire   . . .        s - +7 hand axe of the Middle {freeze, rC+}
rCold   + . .        (no shield)
rNeg    . . .        u - +2 acid dragon scales
rPois   .            c - +1 hat
rElec   .            t - +0 cloak
rCorr   +            (gloves unavailable)
SInv    .            (boots unavailable)
Will    .....        (no amulet)
Stlth   +            p - +6 ring of dexterity
HPRegen 0.32/turn    (no ring)
MPRegen 0.11/turn

%: no passive effects
@: heavily drained
A: large, unfitting armour, horns 1, tough skin 1, double potion healing,
drunken brawling
a: Renounce Religion


You were on level 7 of the Dungeon.
You worshipped Wu Jian.
Wu Jian was aware of your devotion.
You visited 2 branches of the dungeon, and saw 8 of its levels.

You collected 465 gold pieces.
You spent 168 gold pieces at shops.

Inventory:

Hand Weapons
 a - a +2 morningstar of freezing
 s - the +7 hand axe of the Middle (weapon) {freeze, rC+}
   (You found it on level 4 of the Dungeon)

   rC+:       It protects you from cold.
Missiles
 d - 3 throwing nets
 n - 5 poisoned darts (quivered)
 r - a large rock
Armour
 c - a +1 hat (worn)
 t - a +0 cloak (worn)
 u - +2 acid dragon scales (worn)
Jewellery
 p - a +6 ring of dexterity (left hand)
Wands
 i - a wand of roots (10)
 q - a wand of paralysis (4)
Scrolls
 b - a scroll of noise {unknown}
 g - 7 scrolls of teleportation {@r3}
 j - 4 scrolls of fog
 k - a scroll of torment
 l - 2 scrolls of amnesia
 m - 3 scrolls of immolation
Potions
 e - a potion of enlightenment
 f - a potion of degeneration
 h - 4 potions of heal wounds {@q2}
 o - a potion of might {unknown}
 I - a potion of invisibility


   Skills:
 + Level 8.4 Fighting
 + Level 5.8 Maces & Flails
 + Level 6.3 Throwing
 + Level 6.1 Dodging


You had 8 spell levels left.
You didn't know any spells.
Your spell library contained the following spells:

 Spells                   Type           Power      Damage    Failure   Level
 Freeze                   Ice            0%         1d3       47%         1
 Shock                    Conj/Air       0%         1d3       47%         1
 Cigotuvi's Dreadful Rot  Necr/Alch/Air  0%         N/A       63%         2
 Frozen Ramparts          Ice            0%         1d1       85%         3
 Hailstorm                Conj/Ice       0%         3d5       85%         3
 Swiftness                Air            0%         N/A       85%         3
 Airstrike                Air            0%         2d(0-16)  99%         4
 Dispel Undead            Necr           0%         3d6       99%         4
 Leda's Liquefaction      Alch/Erth      0%         N/A       99%         4
 Martyr's Knell           Necr/Summ      0%         N/A       99%         4
 Petrify                  Alch/Erth      0%         N/A       99%         4
 Metabolic Englaciation   Hex/Ice        0%         N/A       100%        5
 Death Channel            Necr           0%         N/A       100%        6


Dungeon Overview and Level Annotations

Branches:
Dungeon (7/15)             Temple (1/1) D:4

Altars:
Cheibriados
Dithmenos
Elyvilon
Fedhas
Gozag
Hepliaklqana
Kikubaaqudgha
Makhleb
Nemelex Xobeh
Ru
Sif Muna
Trog
Uskayaw
Vehumet
Wu Jian
Xom
Yredelemnul
Zin
The Shining One

Shops:
D:3 *   D:5 :

Annotations:
D:7 Duvessa


Innate Abilities, Weirdness & Mutations

You are too large for most types of armour.
You have a pair of small horns on your head.
You have tough skin. (AC +1)
You gain doubled healing and magic from potions.
Whenever you drink a healing potion, you attack all around you.


Message History

Duvessa hits you with a +1 short sword of draining!
You feel drained.
You take 15 damage, and have 63/87 hp.
You hit Duvessa. You freeze Duvessa.
Duvessa is moderately wounded.
Duvessa misses you.
Duvessa hits you with a +1 short sword of draining!
You feel drained.
You take 13 damage, and have 50/85 hp.
You hit Duvessa.
Duvessa is heavily wounded.
Duvessa completely misses you.
You hit Duvessa.
Duvessa is heavily wounded.
Duvessa completely misses you. Duvessa barely misses you.
You slash Duvessa! You freeze Duvessa. You headbutt Duvessa, but do no damage.
Duvessa is severely wounded.
Duvessa barely misses you.
Duvessa hits you with a +1 short sword of draining!
You feel drained.
You take 16 damage, and have 35/82 hp.
You hit Duvessa but do no damage.
Duvessa is severely wounded.
Duvessa hits you with a +1 short sword of draining!
* * * LOW HITPOINT WARNING * * *
You feel drained.
* * * LOW HITPOINT WARNING * * *
You take 16 damage, and have 19/79 hp.
MASSIVE DAMAGE!!
You slash Duvessa! You freeze Duvessa. You headbutt Duvessa, but do no damage.
Duvessa is almost dead.
Duvessa closely misses you. x2
You barely miss Duvessa.
Duvessa is almost dead.
Duvessa hits you with a +1 short sword of draining.
* * * LOW HITPOINT WARNING * * *
You feel drained.
Duvessa hits you with a +1 short sword of draining!
* * * LOW HITPOINT WARNING * * *
You feel drained.
You die...

.# #......)# .+
#.......# .# #.......#
.# #.......#
##########.......# #
................###+##.#
................#.......
................#)......
................@e......
................#.......
................#.......
#########+#.....#...##..
..........#.....#...# #
..........#.....#...#
..........#.....#...#
..........#.....#....
..........#.....#


You could see Duvessa (berserk, fast).

Vanquished Creatures
  Maggie (D:6)
  Eustachio (D:6)
  A water moccasin (D:5)
  A black bear (D:5)
  4 sky beasts
  An ogre (D:6)
  A phantom (D:5)
  A bullfrog (D:7)
  2 scorpions (D:6)
  Dowan (D:7)
  A bombardier beetle (D:2)
  A hound (D:5)
  A jelly (D:6)
  3 orc priests (D:3)
  2 iguanas
  4 orc wizards
  A mummy (D:4)
  4 gnolls (D:2)
  8 adders
  A shadow imp (D:6)
  A dart slug (D:1)
  A ribbon worm (D:3)
  23 orcs
  6 bats
  6 endoplasms
  2 giant cockroaches
  5 goblins
  5 hobgoblins
  7 jackals
  A quokka (D:1)
  5 ball pythons
  2 frilled lizards (D:2)
  A hobgoblin zombie (D:4)
  5 kobolds
  A kobold zombie (D:4)
  2 orc zombies (D:4)
  4 rats (D:1)
117 creatures vanquished.

Notes
Turn   | Place    | Note
-------+----------+-------------------------------------------
     0 | D:1      | Ofeo the Oni Gladiator began the quest for the Orb.
     0 | D:1      | Reached XP level 1. HP: 22/22 MP: 1/1
    84 | D:1      | Reached skill level 3 in Fighting
    84 | D:1      | Reached XP level 2. HP: 14/31 MP: 2/2
   985 | D:1      | Reached XP level 3. HP: 36/37 MP: 3/3
  1458 | D:2      | Found a faded altar of an unknown god.
  1566 | D:2      | Identified the +5 ring mail of the Swan {+Blink rPois rC+}
  2072 | D:2      | Reached skill level 4 in Fighting
  2072 | D:2      | Reached XP level 4. HP: 24/48 MP: 4/4
  2392 | D:2      | Reached XP level 5. HP: 36/55 MP: 5/5
  2717 | D:3      | Found Cidixt's Assorted Antiques.
  2720 | D:3      | Bought a scroll labelled ECITOBUGAS for 28 gold pieces
  2720 | D:3      | Bought a scroll labelled FYKHUT WED FAL for 28 gold pieces
  2720 | D:3      | Bought a jewelled silver wand for 112 gold pieces
  2820 | D:3      | Reached skill level 5 in Fighting
  3162 | D:3      | Reached XP level 6. HP: 53/66 MP: 6/6
  4083 | D:4      | Found a staircase to the Ecumenical Temple.
  4160 | Temple   | Entered the Ecumenical Temple
  4171 | Temple   | Became a worshipper of the Wu Jian Council
  4221 | D:4      | Identified the +7 hand axe of the Middle {freeze, rC+}
  4926 | D:5      | Entered Level 5 of the Dungeon
  4995 | D:5      | Noticed a black bear
  5000 | D:5      | Killed a black bear
  5001 | D:5      | Reached XP level 7. HP: 68/74 MP: 7/7
  5041 | D:5      | Reached skill level 6 in Fighting
  5097 | D:5      | Reached * piety under Wu Jian
  5530 | D:5      | Found Jutobeisu's Book Emporium.
  6132 | D:6      | Reached skill level 5 in Dodging
  6262 | D:6      | Reached skill level 5 in Throwing
  6262 | D:6      | Reached XP level 8. HP: 35/84 MP: 8/8
  6493 | D:6      | Noticed Maggie
  6509 | D:6      | Killed Maggie
  6510 | D:6      | Reached skill level 7 in Fighting
  6734 | D:6      | Reached skill level 5 in Maces & Flails
  6788 | D:6      | Noticed Eustachio
  6882 | D:6      | Killed Eustachio
  7257 | D:6      | Reached skill level 8 in Fighting
  7370 | D:7      | Reached XP level 9. HP: 96/96 MP: 9/9
  7605 | D:7      | Noticed Duvessa
  7605 | D:7      | Noticed Dowan
  7612 | D:7      | Killed Dowan
  7620 | D:7      | HP: 3/78 [Duvessa/+1 short sword of draining (15)]
  7620 | D:7      | Slain by Duvessa

Illustrated notes

Levels and vault maps discovered:
D:1:      heliophobic_arrival_enchanted_forest, layout_basic
D:2:      layout_loops_ring, hellmonk_ecumenical_altar_blasted,
          minmay_tetromino_i2
D:3:      layout_basic, serial_shops, nicolae_shop_behind_doors
D:4:      layout_rooms, minmay_temple_entry_statues_fountains,
          minmay_mini_ossuary
D:5:      layout_cave_pods, serial_shops, shop, serial_column_ruins,
          column_ruins_hut_water, column_ruins_square_medium,
          column_ruins_columns_straight, column_ruins_open_large,
          column_ruins_columns_straight, column_ruins_corridor_corner,
          column_ruins_columns_corner, column_ruins_open_small,
          column_ruins_columns_straight
D:6:      layout_loops_ring, uniq_eustachio, uniq_maggie
D:7:      layout_gridville, old_standard_altar, serial_shops, shop_statue,
          uniq_duvessa
Temple:   hellmonk_temple_of_storms

Skill      XL: |  1  2  3  4  5  6  7  8 |
---------------+-------------------------+-----
Fighting       | 3 4 5 6 8 |  8.4
Dodging        | 3 4 5 6 |  6.1
Throwing       | 3 4 5 6 |  6.3
Maces & Flails | 4 5 |  5.8

Action                     |  1- 3 |  4- 6 |  7- 9 || total
---------------------------+-------+-------+-------++-------
  Melee: Flail             |    30 |       |       ||    30
         Headbutt          |    13 |    28 |    23 ||    64
         Dagger            |    70 |   113 |       ||   183
         Punch             |     2 |     3 |     2 ||     7
         Hand axe          |       |    24 |   124 ||   148
  Throw: Dart              |       |       |     4 ||     4
         Large rock        |       |       |     1 ||     1
Ability: Lunge             |       |     2 |     9 ||    11
  Evoke: Wand              |       |       |     1 ||     1
    Use: Scroll            |     2 |     8 |       ||    10
         Potion            |     1 |       |       ||     1
   Stab: Sleeping          |       |       |     2 ||     2
         Paralysed         |       |       |     5 ||     5
 Armour: Robe              |    95 |    83 |    27 ||   205
         Acid dragon scale |       |       |    50 ||    50
  Dodge: Dodged            |    65 |    83 |    57 ||   205

Table legend: (Time is in decaauts)
 A = Elapsed time spent in this place.
 B = Non-inter-level travel time spent in this place.
 C = Inter-level travel time spent in this place.
 D = Time resting spent in this place.
 E = Time spent auto-exploring this place.
 F = Levels seen in this place.
 G = Mean time per level.
                   A        B        C        D        E       F      G
               +--------+--------+--------+--------+--------+-----+--------+
         Total |   7651 |   7477 |    174 |    653 |   5753 |   8 |  956.4 |
       Dungeon |   7629 |   7476 |    153 |    653 |   5753 |   7 | 1089.9 |
        Temple |     22 |      1 |     21 |      0 |      0 |   1 |   22.0 |
               +--------+--------+--------+--------+--------+-----+--------+

Top non-repeatable levels by time:
     D:2: 1680 daAuts
     D:1: 1488 daAuts
     D:6: 1323 daAuts
     D:5: 1127 daAuts
     D:3: 918 daAuts
     D:4: 829 daAuts
     D:7: 259 daAuts
  Temple: 22 daAuts
